 Dungeon Crawl Stone Soup version 0.28.0-45-g0d030f2227 (webtiles) character file.

Game seed: 6770103020732212193

2 zeratav the Insei (level 1, 12/13 HPs)
             Began as an Octopode Transmuter on Apr 7, 2022.
             Quit the game on level 1 of the Dungeon.
             The game lasted 00:04:01 (233 turns).

zeratav the Insei (Octopode Transmuter)              Turns: 233, Time: 00:04:01

Health: 12/13      AC:  1    Str:  9    XL:     1   Next: 30%
Magic:  2/3        EV: 13    Int: 15    God:
Gold:   25         SH:  0    Dex: 12    Spells: 3/4 levels left

rFire   . . .      SeeInvis .     - Unarmed
rCold   + . .      Faith    .   (no shield)
rNeg    . . .      Spirit   .   (helmet currently unavailable)
rPois   .          Reflect  .   (no amulet)
rElec   .          Harm     .   a - ring of protection from cold
rCorr   .          Rampage  .   (no ring)
Will    .....                   (no ring)
Stlth   ++........              (no ring)
HPRegen 0.04/turn               (no ring)
MPRegen 0.08/turn               (no ring)
                                (no ring)
                                (no ring)

@: appendages (expiring)
A: tentacle spike 3, almost no armour, amphibious, 8 rings, camouflage 1,
gelatinous body 1, (nimble swimmer 1), tentacles
a: End Transformation


You were on level 1 of the Dungeon.
One of your tentacles had grown a beastly spike.
You visited 1 branch of the dungeon, and saw 1 of its levels.

You collected 25 gold pieces.


Innate Abilities, Weirdness & Mutations

One of your tentacles has grown a beastly spike.
You cannot wear most types of armour.
You are amphibious.
You can wear up to eight rings at the same time.
Your skin changes colour to match your surroundings (Stealth+).
Your rubbery body absorbs attacks. (AC +1, EV +1)
((You are camouflaged when in or above water. (Stealth+)))
You have tentacles for arms and can constrict up to eight enemies at once.


   Skills:
 + Level 1.0 Fighting
 + Level 2.0 Dodging
 * Level 3.0 Unarmed Combat
 - Level 2.0 Spellcasting
 - Level 2.0 Transmutations


You had 3 spell levels left.
You knew the following spells:

 Your Spells              Type           Power      Damage    Failure   Level
a - Beastly Appendage     Tmut           14%        N/A       10%         1

Your spell library contained the following spells:

 Spells                   Type           Power      Damage    Failure   Level
 Wereblood                Tmut           7%         N/A       14%         2
 Spider Form              Tmut/Pois      4%         N/A       41%         3
 Ice Form                 Ice/Tmut       4%         N/A       82%         4

Inventory:

Jewellery
 a - a ring of protection from cold (left tentacle)
   (You found it on level 1 of the Dungeon)
Scrolls
 b - a scroll of vulnerability {unknown}
 c - a scroll of enchant armour {unknown}

Dungeon Overview and Level Annotations

Branches:
Dungeon (1/15)

Altars:

#.######### ..# #.#.......# #.#
#.#.#####.# ... #.#.#####.# #.#
#.#.....#.# #.# #.#####.#.# #
#.# #...#...#.# ......
...####.#.#####.#.###.##
................@.....>.......#
..........#.#..#########.######
......#.# .... #...........#
......#.#.#.. #.#######.#.#
......#.#.#....#.# #.#.#
....#.#.#.#....#.# #.#.#
...#...#.#....#.# #.#.#
###.#...#.#....#.# #.#.#
........#.#....#.# #.#.#


There were no monsters in sight!


Message History

It is said that the Orb of Zot exists deep within this dungeon.
Press ? for a list of commands and other information.
Found a staircase leading out of the dungeon.
A frilled lizard comes into view.
You see here a ring of protection from cold.
a - a ring of protection from cold The frilled lizard hisses angrily.
One of your tentacles grows a vicious spike.
Unknown command.
a - a ring of protection from cold (left tentacle)
You miss the frilled lizard. Your grab misses the frilled lizard.
The frilled lizard bites you but does no damage.
You tentacle-slap the frilled lizard.
You kill the frilled lizard!
Your transformation is almost over.
Your tentacle spike disappears.
Unknown command.
Saving game... please wait. 🤖 Initializing magus.rc ...
Options error: Delay interrupt name "hungry" not recognised. (~/.crawlrc:4771) Options error: Bad monster_list_colour key: strict_neutral (~/.crawlrc:4786) ✅ Successfully initialized magus.rc [v1.9.6] Welcome back, zeratav the Octopode Transmuter.
Press ? for a list of commands and other information.
Saving game... please wait. 🤖 Initializing magus.rc ...
Options error: Bad monster_list_colour key: strict_neutral (~/.crawlrc:4774) ✅ Successfully initialized magus.rc [v1.9.6] Welcome back, zeratav the Octopode Transmuter.
Press ? for a list of commands and other information.
Saving game... please wait. 🤖 Initializing magus.rc ... ✅ Successfully initialized magus.rc [v1.9.6] Welcome back, zeratav the Octopode Transmuter.
Press ? for a list of commands and other information.
b - a scroll labelled BEUJUSHIUBB
c - a scroll labelled LIPRAR FOSAU
Found a stone staircase leading down.
You see here a +0 leather armour.
Found a stone staircase leading down.
You now have 7 gold pieces.
There is a stone staircase leading down here.
You see here a +0 whip {mace}.
You now have 25 gold pieces (gained 18).
There is a stone staircase leading down here.
An endoplasm comes into view.
Casting: Beastly Appendage (safe; 10% risk of failure)
Confirm with . or Enter, or press ? or * to list all spells.
One of your tentacles grows a vicious spike. 😎 MP[-1]
You lost 1 mp, and now have 2/3 mp.
Your transformation is almost over.
Search for what [? for help]?
Okay, then.
The endoplasm quivers.
The endoplasm barely misses you.
You tentacle-slap the endoplasm.
You pierce the endoplasm.
You squeeze the endoplasm. The endoplasm freezes you.
You are frozen.
You resist. 😕 HP[-1]
You take 1 damage, and now have 12/13 hp.
You tentacle-slap the endoplasm but do no damage.
You pierce the endoplasm.
You kill the endoplasm!
No target in view!
No target in view!
No target in view!
No target in view!
No target in view!
No target in view!
No target in view!
No target in view!
No target in view!
No target in view!
No target in view!
Saving game... please wait.
Lua error: /dgldir/rcfiles/crawl-0.28/zeratav.rc:184: '' expected near 'end' Lua error: /dgldir/rcfiles/crawl-0.28/zeratav.rc:12: bad argument #2 to 'format' (string expected, got nil) Welcome back, zeratav the Octopode Transmuter.
Press ? for a list of commands and other information.
Lua error: [string "/dgldir/rcfiles/crawl-0.28/zeratav.rc"]:6: attempt to call global 'announce_damage' (a nil value) Lua error: [string "/dgldir/rcfiles/crawl-0.28/zeratav.rc"]:6: attempt to call global 'announce_damage' (a nil value) Lua error: [string "/dgldir/rcfiles/crawl-0.28/zeratav.rc"]:6: attempt to call global 'announce_damage' (a nil value) Saving game... please wait.
Lua error: /dgldir/rcfiles/crawl-0.28/zeratav.rc:184: '' expected near 'end' Initializing magus.rc ...
Successfully initialized magus.rc [v1.9.6] Welcome back, zeratav the Octopode Transmuter.
Press ? for a list of commands and other information.
Lua error: [string "/dgldir/rcfiles/crawl-0.28/zeratav.rc"]:6: attempt to call global 'announce_damage' (a nil value) Saving game... please wait.
Lua error: /dgldir/rcfiles/crawl-0.28/zeratav.rc:184: '' expected near 'end' Initializing magus.rc ...
Successfully initialized magus.rc [v1.9.6] Welcome back, zeratav the Octopode Transmuter.
Press ? for a list of commands and other information.
Lua error: [string "/dgldir/rcfiles/crawl-0.28/zeratav.rc"]:6: attempt to call global 'announce_damage' (a nil value) Lua error: [string "/dgldir/rcfiles/crawl-0.28/zeratav.rc"]:6: attempt to call global 'announce_damage' (a nil value) Are you sure you want to abandon this character and quit the game? (Confirm with "yes".)

Action                   || total
-------------------------++-------
Melee: Unarmed           ||     4
       Kick              ||     2
       Tentacles         ||     1
 Cast: Beastly Appendage ||     2
Armor: Skin              ||     1
Dodge: Dodged            ||     1

Levels and vault maps discovered:
D:1:      amcnicky_arrival_double_pillar, layout_basic,
          shapermc_ecumenical_altar_starsandcircs, serial_shops,
          nicolae_shop_bloodbath_and_beyond, serial_park_tiny_1,
          minmay_pentomino_v2

Notes
Turn   | Place    | Note
-------+----------+-------------------------------------------
     0 | D:1      | zeratav the Octopode Transmuter began the quest for the
                  | Orb.
     0 | D:1      | Reached XP level 1. HP: 13/13 MP: 3/3
    39 | D:1      | magus.rc [v1.9.6]
    39 | D:1      | magus.rc [v1.9.6]
    39 | D:1      | magus.rc [v1.9.6]
   233 | D:1      | Quit the game

Vanquished Creatures
  An endoplasm (D:1)
  A frilled lizard (D:1)
2 creatures vanquished.

Table legend:
 A = Non-vault XP
 B = Vault XP
 C = Vault XP percentage of total XP
 D = Non-vault monster count
 E = Vault monster count
 F = Vault count percentage of total count
                 A         B        C        D         E       F
            +---------+---------+-------+---------+---------+-------
      Total |       3 |       0 |   0.0 |       2 |       0 |   0.0
            +---------+---------+-------+---------+---------+-------
        D:1 |       3 |       0 |   0.0 |       2 |       0 |   0.0
            +---------+---------+-------+---------+---------+-------

Illustrated notes

Table legend:
 A = Kills in this place as a percentage of kills in entire the game.
 B = Kills by you in this place as a percentage of kills by you in the entire game.
 C = Kills by friends in this place as a percentage of kills by friends in the entire game.
 D = Other kills in this place as a percentage of other kills in the entire game.
 E = Experience gained in this place as a percentage of experience gained in the entire game.
 F = Experience gained in this place divided by the number of levels of this place that you have seen.
                   A       B       C       D       E      F
               +-------+-------+-------+-------+-------+----------------------
         Total | 100.0 | 100.0 |   N/A |   N/A | 100.0 |   3.0
       Dungeon | 100.0 | 100.0 |   N/A |   N/A | 100.0 |   3.0
               +-------+-------+-------+-------+-------+----------------------

Table legend: (Time is in decaauts)
 A = Elapsed time spent in this place.
 B = Non-inter-level travel time spent in this place.
 C = Inter-level travel time spent in this place.
 D = Time resting spent in this place.
 E = Time spent auto-exploring this place.
 F = Levels seen in this place.
 G = Mean time per level.
                   A        B        C        D        E       F      G
               +--------+--------+--------+--------+--------+-----+--------+
         Total |    232 |    206 |     26 |      0 |    171 |   1 |  232.0 |
       Dungeon |    232 |    206 |     26 |      0 |    171 |   1 |  232.0 |
               +--------+--------+--------+--------+--------+-----+--------+

Top non-repeatable levels by time:
     D:1: 232 daAuts
